 Dungeon Crawl Stone Soup version 0.27.1 (webtiles) character file.

Game seed: 82485379492902332

215030 Malachi the Peltast (level 19, -1/167 HPs)
             Began as a Ghoul Fighter on Aug 24, 2021.
             Was the Champion of Qazlal.
             Killed from afar by a starcursed mass (9 damage)
             ... with an accursed screaming
             ... on level 4 of the Abyss.
             The game lasted 00:56:06 (36247 turns).

Malachi the Peltast (Ghoul Fighter)                Turns: 36247, Time: 00:56:07

Health: -1/167     AC: 37    Str: 31      XL:     19   Next: 1%
Magic:  4/9        EV:  9    Int:  2 (3)  God:    Qazlal [******]
Gold:   954        SH: 28    Dex:  8      Spells: 18/18 levels left

rFire    . . .     SeeInvis +   V - +2 war axe (antimagic)
rCold    + + .     Faith    .   c - +0 kite shield
rNeg     + + +     Spirit   .   T - +6 chain mail of Least Resistance {rC+ SInv Stlth+}
rPois    ∞         Reflect  +   H - +0 mask of the Dragon {Will+ Slay+3 SInv}
rElec    .         Harm     .   v - +0 cloak
rCorr    .         Rampage  .   u - +2 pair of gloves {Str+3}
Will     +++..                  e - +2 pair of boots
Stlth    ..........             B - amulet of reflection
HPRegen  0.00/turn              k - ring of the Tortoise {AC+8}
MPRegen  0.11/turn              r - ring of willpower

@: protected from physical damage, inhibited regen, studying Armour, repel
missiles
A: claws 1, cold resistance 1, negative energy resistance 3, inhibited
regeneration, torment resistance 2
}: 1/15 runes: gossamer
a: Renounce Religion, Upheaval, Elemental Force, Disaster Area


You were on level 4 of the Abyss.
You worshipped Qazlal.
Qazlal was exalted by your worship.
You visited 7 branches of the dungeon, and saw 32 of its levels.
You visited the Abyss 1 time.

You collected 5333 gold pieces.
You spent 4379 gold pieces at shops.

Inventory:

Hand Weapons
 a - a +1 war axe of freezing
 t - a +4 war axe of draining
 V - a +2 antimagic war axe (weapon)
Missiles
 f - 113 poisoned darts (quivered)
 l - 15 silver boomerangs
 n - 2 throwing nets
Armour
 c - a +0 kite shield (worn)
 e - a +2 pair of boots (worn)
 u - a +2 pair of gloves of strength (worn)
 v - a +0 cloak (worn)
 A - the +2 ring mail "Asejez" {+Blink rN+ Dex+4 Stlth+}
   (You bought it in a shop on level 4 of the Dungeon)

   Dex:       It affects your dexterity (+4).
   rN:        It protects you from negative energy.
   +Blink:    It lets you blink.
   Stlth:     It makes you more stealthy.
 H - the +0 mask of the Dragon (worn) {Will+ Slay+3 SInv}
   (You bought it in a shop on level 4 of the Dungeon)

   Slay:      It affects your accuracy & damage with ranged weapons and melee
   (+3).
   SInv:      It lets you see invisible.
   Will:      It increases your willpower.
 O - the +4 skin of Zhor {*Englaciate rC+++ SInv}
   (You found it on level 5 of the Lair of Beasts)

   It radiates cold, occasionally slowing all nearby creatures who are not
   resistant to cold.
   rC:        It renders you almost immune to cold.
   SInv:      It lets you see invisible.
 S - a +0 tower shield
 T - the +6 chain mail of Least Resistance (worn) {rC+ SInv Stlth+}
   (You found it on level 3 of the Spider Nest)

   rC:        It protects you from cold.
   SInv:      It lets you see invisible.
   Stlth:     It makes you more stealthy.
 U - a +1 scale mail of fire resistance
Jewellery
 b - an amulet of the acrobat
 k - the ring of the Tortoise (left hand) {AC+8}
   (You bought it in a shop on level 2 of the Elven Halls)

   [ring of protection]

   AC:        It affects your AC (+8).
 r - a ring of willpower (right hand)
 B - an amulet of reflection (around neck)
 I - a ring of resist corrosion
 N - a ring of protection from fire
Wands
 q - a wand of polymorph (2)
 C - a wand of mindburst (19)
 D - a wand of digging (5)
 E - a wand of paralysis (9)
 M - a wand of flame (24)
 Q - a wand of iceblast (10)
 Y - a wand of acid (29)
Scrolls
 d - a scroll of summoning
 g - 2 scrolls of identify
 o - 2 scrolls of silence
 p - 2 scrolls of blinking
 w - a scroll of brand weapon
 y - a scroll of magic mapping
 z - 4 scrolls of teleportation
 F - 8 scrolls of enchant armour
 R - 4 scrolls of fog
 Z - 2 scrolls of enchant weapon
Potions
 i - 5 potions of attraction
 m - 9 potions of curing
 s - 3 potions of flight
 J - a potion of might
 K - a potion of cancellation
 L - a potion of brilliance
 P - a potion of magic
 W - 2 potions of invisibility
 X - 4 potions of ambrosia
Miscellaneous
 x - a tin of tremorstones (2/2)


   Skills:
 + Level 14.0 Fighting
 + Level 16.8 Axes
 + Level 10.8 Armour
 - Level 0.5 Dodging
 + Level 16.8 Shields
 * Level 14.7 Invocations
 + Level 0.8 Evocations


You had 18 spell levels left.
You didn't know any spells.
Your spell library contained the following spells:

 Spells                   Type           Power      Damage    Failure   Level
 Apportation              Tloc           0%         N/A       94%         1
 Corona                   Hex            0%         N/A       94%         1
 Magic Dart               Conj           0%         1d3       94%         1
 Summon Small Mammal      Summ           0%         N/A       94%         1
 Corpse Rot               Necr/Air       N/A        N/A       98%         2
 Ensorcelled Hibernation  Hex/Ice        0%         N/A       98%         2
 Poisonous Vapours        Pois/Air       0%         N/A       98%         2
 Searing Ray              Conj           0%         3d3       98%         2
 Slow                     Hex            0%         N/A       98%         2
 Static Discharge         Conj/Air       0%         N/A       98%         2
 Call Canine Familiar     Summ           0%         N/A       100%        3
 Confusing Touch          Hex            0%         N/A       100%        3
 Frozen Ramparts          Ice            0%         1d2       100%        3
 Portal Projectile        Hex/Tloc       0%         N/A       100%        3
 Summon Guardian Golem    Hex/Summ       0%         N/A       100%        3
 Tukima's Dance           Hex            0%         N/A       100%        3
 Vampiric Draining        Necr           0%         2d6       100%        3
 Airstrike                Air            0%         N/A       100%        4
 Animate Armour           Summ/Erth      0%         N/A       100%        4
 Fulminant Prism          Conj/Hex       0%         3d6       100%        4
 Leda's Liquefaction      Hex/Erth       0%         N/A       100%        4
 Passage of Golubria      Tloc           N/A        N/A       100%        4
 Summon Ice Beast         Ice/Summ       0%         N/A       100%        4
 Summon Lightning Spire   Summ/Air       0%         N/A       100%        4
 Bolt of Magma            Conj/Fire/Erth 0%         4d4       100%        5
 Freezing Cloud           Conj/Ice/Air   0%         6-21      100%        5
 Lightning Bolt           Conj/Air       0%         1d11      100%        5
 Yara's Violent Unravell  Hex/Tmut       0%         3d3       100%        5
 Simulacrum               Ice/Necr       0%         N/A       100%        6
 Haunt                    Necr/Summ      0%         N/A       100%        7
 Summon Hydra             Summ           0%         N/A       100%        7
 Disjunction              Tloc           0%         N/A       100%        8
 Maxwell's Capacitive Co  Air            0%         ∞         100%        8
 Polar Vortex             Ice            0%         N/A       100%        9
 Sublimation of Blood     Necr           Unusable   N/A       N/A         2
 Wereblood                Tmut           Unusable   N/A       N/A         2
 Ice Form                 Ice/Tmut       Unusable   N/A       N/A         4
 Statue Form              Tmut/Erth      Unusable   N/A       N/A         6

Dungeon Overview and Level Annotations

Branches:
Dungeon (15/15)            Temple (1/1) D:4            Lair (6/6) D:11
 Shoals (0/4) Lair:4       Spider (4/4) Lair:2        Slime (1/5) Lair:6
    Orc (2/2) D:9             Elf (3/3) Orc:2        Vaults (0/5) D:14
 Depths (0/5) D:15

Altars:
Ashenzari
Cheibriados
Dithmenos
Elyvilon
Fedhas
Gozag
Hepliaklqana
Kikubaaqudgha
Makhleb
Nemelex Xobeh
Okawaru
Qazlal
Ru
Sif Muna
Trog
Uskayaw
Vehumet
Wu Jian
Xom
Yredelemnul
Zin
The Shining One

Shops:
D:1 ?![   D:4 [   D:5 *   D:7 (   D:10 *   Orc:2 [[:(   Elf:1 *   Elf:2 :=:


Innate Abilities, Weirdness & Mutations

You thrive by killing the living.
You are immune to poison.
You have sharp fingernails.
Your flesh is cold resistant. (rC+)
You are immune to negative energy. (rN+++)
You do not regenerate when monsters are visible.
You are immune to unholy pain and torment.


Message History

The starcursed mass shrieks in your mind.
* * * LOW HITPOINT WARNING * * *
The large abomination is engulfed in blazing flames.
You block the large abomination's attack.
A large abomination comes into view.
The air elemental fires a burst of electricity at you.
The stunning burst misses you.
A starcursed mass splits.
You block the air elemental's attack.
The air elemental is engulfed in freezing vapours.
The air elemental barely misses you.
The large abomination is engulfed in blazing flames.
A starcursed mass splits.
The air elemental is engulfed in freezing vapours.
You block the air elemental's attack.
The large abomination is struck by lightning.
The large abomination is engulfed in blazing flames.
You block the air elemental's attack. A chorus of shrieks assaults your mind.
* * * LOW HITPOINT WARNING * * *
Blink to where?
Press: ? - help, Dir - move target
As you read the scroll of blinking, it crumbles to dust.
An earth elemental comes into view.
You hear a roar!
The starcursed mass is engulfed in blazing flames.
The starcursed mass shudders and withdraws towards its neighbour.
A starcursed mass splits.
The thrashing horror roars!
A starcursed mass splits.
You block the thrashing horror's attack. x2
A starcursed mass splits. x2
The thrashing horror roars!
You block the thrashing horror's attack. x2
The thrashing horror tramples you!
* * * LOW HITPOINT WARNING * * *
You feel protected from physical attacks.
You hold your ground!
You block the thrashing horror's attack.
A deafening chorus of shrieks assaults your mind!
You die...

..#...X.....#...
.# ..
#..#XX3......E..
#..
.##..X...°.....
##.
..#.XXX...... #
.#.○X..#.....
##..§## ..#
##...#.....
#.X.§.....
#@§§......
#☼.○......
#...#.....
...###...# ....
.... ####.# #..
.. ...


You could see 6 starcursed masses, a thrashing horror, a large abomination and a
neqoxec.

Vanquished Creatures
  Rupert (D:15)
  The ghost of Jimpe the Crack Shot, an adept CeHu of Okawaru (Spider:3)
  A tentacled starspawn (Abyss:3)
  Roxanne (D:15)
  A daeva (Abyss:3)
  4 ghost moths
  A deep elf sorcerer (Elf:3)
  6 emperor scorpions
  The ghost of Boahovan the Carver, a journeyman DsGl of Makhleb (D:15)
  A deep elf elementalist (Elf:1)
  A dire elephant (Lair:6)
  Nessos (D:15)
  Azrael (D:15)
  2 spark wasps (Spider:4)
  2 ettins (D:15)
  A deep elf death mage (Elf:2)
  A hydra (D:15)
  2 catoblepae
  9 centaur warriors
  5 ogre magi
  24 dancing weapons
  8 death scarabs (Spider:4)
  16 two-headed ogres
  A tengu warrior (D:15)
  Urug (Lair:4)
  12 death yaks
  3 orc high priests
  7 deep elf knights
  A spectral emperor scorpion (Spider:4)
  A deep troll (D:15)
  A spatial maelstrom (Abyss:4)
  8 deep elf archers
  A wizard (D:15)
  3 lindwurms (Lair:6)
  A phantasmal warrior (D:13)
  Pikel (D:8)
  12 deep elf pyromancers
  3 spectral wolf spiders (Spider:4)
  21 deep elf zephyrmancers
  18 orb spiders
  3 orc knights
  25 wolf spiders
  4 orc sorcerers
  4 moths of wrath
  5 ugly things
  5 cyclopes
  A will-o-the-wisp (Abyss:3)
  10 slime creatures
  4 manticores
  11 elephants
  A smoke demon (Abyss:3)
  2 torpor snails (Lair:5)
  5 black mambas
  2 gargoyles
  11 cane toads
  A kobold demonologist (D:11)
  An unseen horror (shapeshifter) (Elf:2)
  Maggie (D:6)
  A komodo dragon (shapeshifter) (Elf:1)
  8 rime drakes
  2 efreet
  An unseen horror (D:11)
  9 demonic crawlers
  A tengu conjurer (D:13)
  3 spectral redbacks (Spider:4)
  10 komodo dragons
  2 freezing wraiths
  A hellwing (Abyss:3)
  A redback zombie (Spider:4)
  A polar bear (shapeshifter) (Elf:2)
  A meliai (shapeshifter) (D:13)
  3 meliai (Spider:2)
  12 polar bears
  A queen bee (Spider:2)
  6 spectral jumping spiders (Spider:4)
  2 spectral tarantellas (Spider:4)
  10 trolls
  4 tarantella zombies (Spider:4)
  6 hornets (Spider:4)
  30 jumping spiders
  A snapping turtle (shapeshifter) (Elf:2)
  3 raiju (Lair:6)
  8 blink frogs
  2 dream sheep (Lair:6)
  3 jumping spider zombies (Spider:4)
  24 tarantellas
  43 redbacks
  4 wyverns
  2 fire bats (Lair:2)
  A hog (D:13)
  5 basilisks
  A vampire (D:13)
  3 fire elementals
  32 yaks
  A hog (shapeshifter) (Elf:2)
  3 wraiths
  20 vampire mosquitoes
  2 neqoxecs (Abyss:4)
  2 spatial vortices (Abyss:4)
  12 wargs
  9 water moccasins
  17 hell hounds
  3 spectral hornets (Spider:4)
  5 hornet zombies
  A small abomination (Abyss:4)
  12 black bears
  22 orc warriors
  2 ice beasts
  A necrophage (D:4)
  27 ogres
  22 wolves
  5 boggarts (D:10)
  19 centaurs
  3 phantoms
  2 kobold brigands (D:8)
  8 bullfrogs
  A gnoll sergeant (D:9)
  2 earth elementals (Elf:1)
  5 scorpions (Lair:2)
  24 killer bees
  4 wights (D:8)
  3 howler monkeys (D:10)
  4 electric eels
  3 centaur zombies
  A hound (D:6)
  2 jellies (D:5)
  16 orc priests
  3 iguanas
  24 orc wizards
  2 killer bee zombies
  A howler monkey zombie (D:8)
  5 gnolls (D:9)
  An adder (shapeshifter) (Elf:1)
  7 adders
  2 worms
  2 dart slugs (D:5)
  77 orcs
  8 ball pythons
  5 endoplasms
  3 giant cockroaches
  5 goblins
  7 hobgoblins
  5 jackals
  2 quokkas
  2 bats
  2 frilled lizards
  24 kobolds
  2 rats
  A lurking horror (Abyss:4)
  A starspawn tentacle (Abyss:3)
983 creatures vanquished.

Vanquished Creatures (collateral kills)
  Frances (D:14)
  7 hydras
  A death knight (D:13)
  A black mamba (Lair:6)
  A freezing wraith (D:13)
  2 blink frogs (Lair:4)
  A tarantella zombie (Spider:4)
  A wraith (D:13)
  2 yaks (Lair:1)
  A water moccasin (D:5)
  A hell hound (Lair:6)
  A black bear (Lair:6)
  A bullfrog (Lair:1)
  A jelly (D:5)
22 creatures vanquished.

Vanquished Creatures (others)
  A wizard (D:15)
  A deep elf pyromancer (Elf:1)
  A water moccasin (Lair:4)
  An orc warrior (Orc:2)
  A kobold brigand (D:7)
  A kobold (D:8)
  A bush (Lair:6)
  10 fungi
  A lurking horror (Abyss:3)
  29 plants
  6 starspawn tentacles
53 creatures vanquished.

Grand Total: 1058 creatures vanquished

Notes
Turn   | Place    | Note
-------+----------+-------------------------------------------
     0 | D:1      | Malachi the Ghoul Fighter began the quest for the Orb.
     0 | D:1      | Reached XP level 1. HP: 19/19 MP: 0/0
   146 | D:1      | Reached XP level 2. HP: 17/26 MP: 1/1
   150 | D:1      | Found Jaukh's Magic Scroll Emporium.
   378 | D:1      | Found Buvutud's Antique Armour Shoppe.
   380 | D:1      | Found Teotoh's Weapon Emporium.
   486 | D:1      | Found Sodurykhlimp's Distillery.
   597 | D:1      | Reached XP level 3. HP: 29/33 MP: 2/2
  1254 | D:2      | Identified a scroll of acquirement
  1254 | D:2      | Acquired 793 gold pieces
  1290 | D:1      | Bought a potion of experience for 550 gold pieces
  1290 | D:1      | Bought a potion of heal wounds for 55 gold pieces
  1290 | D:1      | Bought 2 potions of curing for 66 gold pieces
  1290 | D:1      | Bought a potion of curing for 33 gold pieces
  1292 | D:1      | Reached skill level 10 in Shields
  1292 | D:1      | Reached XP level 4. HP: 40/40 MP: 3/3
  1569 | D:1      | Bought a scroll of blinking for 82 gold pieces
  2040 | D:3      | Found a faded altar of an unknown god.
  2056 | D:3      | Reached XP level 5. HP: 43/46 MP: 4/4
  2164 | D:3      | Noticed an ice beast
  2173 | D:3      | Killed an ice beast
  2251 | D:3      | Found a burning altar of Makhleb.
  2252 | D:3      | Found a bloodstained altar of Trog.
  2254 | D:3      | Found a broken altar of Ashenzari.
  2317 | D:3      | Reached XP level 6. HP: 41/52 MP: 5/5
  2453 | D:3      | Found an ancient bone altar of Kikubaaqudgha.
  2454 | D:3      | Found a blossoming altar of Fedhas.
  2454 | D:3      | Found a snail-covered altar of Cheibriados.
  2456 | D:3      | Found an opulent altar of Gozag.
  2805 | D:4      | Noticed a necrophage
  2828 | D:4      | Killed a necrophage
  3223 | D:4      | Found a staircase to the Ecumenical Temple.
  3235 | Temple   | Entered the Ecumenical Temple
  3313 | Temple   | Became a worshipper of Qazlal Stormbringer
  3350 | D:4      | Reached XP level 7. HP: 59/59 MP: 6/6
  3588 | D:4      | Found Loruy's Antique Armour Shoppe.
  3885 | D:4      | Reached skill level 1 in Invocations
  4380 | D:5      | Entered Level 5 of the Dungeon
  4406 | D:5      | Reached XP level 8. HP: 57/66 MP: 8/8
  4540 | D:5      | Found Futom Kase's Gadget Gallery.
  4748 | D:5      | Noticed a komodo dragon
  4759 | D:5      | Killed a komodo dragon
  4760 | D:5      | Reached skill level 5 in Axes
  5707 | D:4      | Bought a polished scale mail for 252 gold pieces
  5707 | D:4      | Identified the +0 scale mail of Rotten Satisfaction {Str-3
                  | Int+3} (You bought it in a shop on level 4 of the Dungeon)
  5790 | D:6      | Reached * piety under Qazlal
  5791 | D:6      | Reached XP level 9. HP: 54/72 MP: 10/10
  5911 | D:6      | Noticed Maggie
  5925 | D:6      | Killed Maggie
  7470 | D:7      | Found Olloam's Weapon Emporium.
  7897 | D:8      | Reached ** piety under Qazlal
  8151 | D:8      | Reached skill level 5 in Fighting
  8232 | D:8      | Noticed Pikel
  8254 | D:8      | Killed Pikel
  8255 | D:8      | Reached XP level 10. HP: 77/81 MP: 12/12
  8992 | D:9      | Reached skill level 5 in Invocations
  9017 | D:9      | Found a staircase to the Orcish Mines.
  9334 | D:10     | Entered Level 10 of the Dungeon
  9334 | D:10     | Found Tusireng's Assorted Antiques.
  9409 | D:10     | Reached *** piety under Qazlal
  9415 | D:10     | Noticed a cyclops
  9423 | D:10     | Noticed a kobold demonologist
  9823 | D:10     | Reached XP level 11. HP: 61/88 MP: 12/14
 10169 | D:10     | Killed a cyclops
 10484 | D:10     | Bought a golden potion for 24 gold pieces
 11115 | D:11     | Noticed a sun demon
 11520 | D:11     | Noticed a manticore
 11529 | D:11     | Killed a manticore
 11530 | D:11     | Reached skill level 5 in Armour
 11728 | D:11     | Noticed a cyclops
 11731 | D:11     | Reached **** piety under Qazlal
 11737 | D:11     | Killed a cyclops
 11778 | D:11     | Found a staircase to the Lair.
 12031 | D:12     | Noticed a purple ugly thing
 12051 | D:12     | Killed a purple ugly thing
 12217 | D:12     | Noticed a two-headed ogre
 12228 | D:12     | Killed a two-headed ogre
 12229 | D:12     | Reached XP level 12. HP: 55/96 MP: 16/16
 13454 | D:13     | Noticed a five-headed hydra
 13455 | D:13     | Noticed a six-headed hydra
 13511 | D:13     | Noticed Sonja
 13542 | D:12     | Killed a five-headed hydra
 13595 | D:12     | Killed a seven-headed hydra
 13715 | D:13     | Noticed Sonja
 13715 | D:13     | Sonja changed into Sonja the hog
 13718 | D:13     | Killed Sonja the hog
 13772 | D:13     | Acquired 1275 gold pieces
 13993 | D:4      | Bought the +0 mask of the Dragon {Will+ Slay+3 SInv} for
                  | 935 gold pieces
 13993 | D:4      | Found the +0 mask of the Dragon {Will+ Slay+3 SInv}
 14006 | D:4      | Bought a spiked ring mail for 252 gold pieces
 14006 | D:4      | Identified the +2 ring mail "Asejez" {+Blink rN+ Dex+4
                  | Stlth+} (You bought it in a shop on level 4 of the Dungeon)
 14116 | D:1      | Bought a scroll of enchant weapon for 82 gold pieces
 14854 | D:13     | Noticed a centaur warrior
 14856 | D:13     | Noticed a centaur warrior
 14857 | D:13     | Killed a centaur warrior
 14859 | D:13     | Noticed a death knight
 14872 | D:13     | Killed a centaur warrior
 15234 | Lair:1   | Entered Level 1 of the Lair of Beasts
 15356 | Lair:1   | Reached XP level 13. HP: 104/104 MP: 18/18
 15962 | Lair:2   | Reached skill level 10 in Axes
 16064 | Lair:2   | Found a hole to the Spider Nest.
 17533 | Lair:4   | Noticed Urug
 17545 | Lair:4   | Killed Urug
 17712 | Lair:4   | Found a staircase to the Shoals.
 18046 | Lair:4   | Reached skill level 15 in Shields
 18643 | Lair:5   | Reached XP level 14. HP: 114/114 MP: 20/20
 19073 | Lair:5   | Got Sif Muna's Compendium of Displacement and Creation
 19137 | Lair:5   | Found the +4 skin of Zhor {*Englaciate rC+++ SInv}
 19625 | Lair:6   | Entered Level 6 of the Lair of Beasts
 20153 | Lair:6   | Reached skill level 10 in Invocations
 20262 | Lair:6   | Noticed a dire elephant
 20284 | Lair:6   | Killed a dire elephant
 20556 | Lair:6   | Found a staircase to the Slime Pits.
 20909 | Lair:6   | Reached ***** piety under Qazlal
 20980 | Lair:6   | Reached XP level 15. HP: 99/124 MP: 22/22
 21617 | Slime:1  | Entered Level 1 of the Pits of Slime
 22265 | D:14     | Found a gate to the Vaults.
 22270 | D:14     | Noticed Frances
 22284 | D:14     | Killed Frances
 22977 | D:14     | Reached skill level 10 in Fighting
 23136 | D:15     | Entered Level 15 of the Dungeon
 23137 | D:15     | Noticed Roxanne
 23167 | D:15     | Killed Roxanne
 23344 | D:15     | Noticed Azrael
 23361 | D:15     | Killed Azrael
 23617 | D:15     | Identified the +2 robe of the Shoals {Str+4}
 23789 | D:15     | Found a runed translucent gate.
 23789 | D:15     | Found a runed translucent gate.
 23793 | D:15     | Noticed Boahovan's ghost (journeyman DsGl)
 23794 | D:15     | Found a runed translucent gate.
 23962 | D:15     | Killed Boahovan's ghost
 24135 | D:15     | Noticed Nessos
 24142 | D:15     | Killed Nessos
 24247 | D:15     | Noticed Rupert
 24261 | D:15     | Killed Rupert
 24262 | D:15     | Reached XP level 16. HP: 62/136 MP: 16/23
 24738 | D:15     | Found a staircase to the Depths.
 25230 | Orc:1    | Entered Level 1 of the Orcish Mines
 25702 | Orc:2    | Entered Level 2 of the Orcish Mines
 25815 | Orc:2    | Reached skill level 15 in Axes
 25873 | Orc:2    | Found a bloodstained altar of Trog.
 25902 | Orc:2    | Reached ****** piety under Qazlal
 25990 | Orc:2    | Found a staircase to the Elven Halls.
 26063 | Orc:2    | Found Meefruusm's Armour Shoppe.
 26063 | Orc:2    | Found Reki's Armour Boutique.
 26064 | Orc:2    | Found Myshris's Book Boutique.
 26064 | Orc:2    | Found Riuddueg's Weapon Emporium.
 26481 | Spider:1 | Entered Level 1 of the Spider Nest
 27151 | Spider:2 | Reached XP level 17. HP: 101/146 MP: 25/25
 28258 | Spider:3 | Identified the +6 chain mail of Least Resistance {rC+ SInv
                  | Stlth+}
 28289 | Spider:3 | Found a runed translucent door.
 28293 | Spider:3 | Acquired a manual of Armour
 28313 | Spider:3 | Noticed Jimpe's ghost (adept CeHu)
 28381 | Spider:3 | Killed Jimpe's ghost
 28390 | Spider:3 | Identified the +0 leather armour of Tentacled Joy {Str+4
                  | Int+4}
 29880 | Spider:4 | Entered Level 4 of the Spider Nest
 31159 | Spider:4 | Reached XP level 18. HP: 155/157 MP: 27/27
 31480 | Spider:4 | Got a gossamer rune of Zot
 31892 | Elf:1    | Entered Level 1 of the Elven Halls
 32229 | Elf:1    | Found Panweowe's Assorted Antiques.
 33201 | Elf:1    | Reached skill level 10 in Armour
 33651 | Elf:2    | Found Caam's Book Boutique.
 33707 | Elf:2    | Found Zootuack's Jewellery Emporium.
 33708 | Elf:2    | Found Opaptimu's Book Boutique.
 33727 | Elf:2    | Bought the ring of the Tortoise {AC+8} for 2048 gold pieces
 33727 | Elf:2    | Found the ring of the Tortoise {AC+8}
 33959 | Elf:2    | Found a runed translucent gate.
 33959 | Elf:2    | Found a runed translucent gate.
 33960 | Elf:2    | Found a runed translucent gate.
 35337 | Elf:3    | Entered Level 3 of the Elven Halls
 35937 | Elf:2    | Cast into level 3 of the Abyss (+1 scimitar of distortion)
 35969 | Abyss:3  | Paralysed by accursed screaming for 2 turns
 35986 | Abyss:3  | Noticed a tentacled monstrosity
 36212 | Abyss:4  | Reached XP level 19. HP: 33/167 MP: 9/29
 36234 | Abyss:4  | Paralysed by an air elemental for 1 turns
 36247 | Abyss:4  | HP: 8/167 [thrashing horror (7)]
 36247 | Abyss:4  | Killed from afar by a starcursed mass

Illustrated notes

Levels and vault maps discovered:
D:1:      dpeg_arrival_lava_temple_mockup, layout_basic, serial_shops, shop,
          shop, shop, nicolae_shop_overgrown_old_shop
D:2:      layout_loops_corners
D:3:      cheibrodos_pilgrimage, layout_basic, grunt_temple_overflow_open,
          basic_ecumenical_altar, mrwooster_statue_mirror
D:4:      layout_gridville, minmay_temple_entry_arrows, serial_shops, shop,
          grunt_ministairs_12
D:5:      layout_loops_ring, nicolae_shop_gadgets
D:6:      layout_rooms, uniq_maggie
D:7:      layout_loops_corners, serial_shops, shop, nrook_campfire
D:8:      layout_layer_cave, uniq_pikel
D:9:      layout_basic, orc_0_dummy, roderic_malta_cross
D:10:     layout_basic, serial_shops, shop
D:11:     layout_long_grid, lair_entry_dummy, minmay_fractal_squares_5
D:12:     layout_stronghold
D:13:     layout_rooms, uniq_sonja
D:14:     layout_grid_maze, erik_vaults_1, uniq_frances
D:15:     hangedman_depths_entry_civil_slaughter, layout_loops_ring,
          gammafunk_ghost_split, grunt_decor_clamped, uniq_roxanne, uniq_rupert,
          uniq_azrael, uniq_nessos
Temple:   eino_temple_lava
Lair:1:   layout_misc_corridors, serial_bayou_shore_b
Lair:2:   layout_gridlike, nicolae_spider_entry_non_spiders
Lair:3:   layout_chaotic_city
Lair:4:   layout_cave_pods, elwin_shoals_entry_rocks, uniq_urug
Lair:5:   layout_cave_shapes, minivault_11, hellmonk_guarded_unrand_zhor
Lair:6:   hangedman_lair_in_review, layout_cave_pods,
          hangedman_lair_caniforms_friends, slime_dummy
Spider:1: layout_spider_delve
Spider:2: layout_spider_delve, special_room [special_room_bee],
          nicolae_spider_cling_ruins, nicolae_spider_eight_legs
Spider:3: layout_spider_delve, ebering_ghost_reflecting_pool,
          nicolae_spider_orb_run
Spider:4: floodkiller_spider_rune_tomb, drop_trap
Slime:1:  layout_caves, nicolae_slime_barrier
Orc:1:    layout_caves
Orc:2:    st_orc_ogre_mass, layout_caves, basic_altar, mines5_lemuel
Elf:1:    eino_elf_arrival_the_gate, layout_onion_city, serial_shops,
          nicolae_shop_crystal, evilmike_minifort
Elf:2:    nicolae_elf_blades_splatter_lattice [nicolae_blade_lattice],
          layout_geoelf_octagon, minmay_shop_grove
Elf:3:    minmay_elf_hall_x, layout_geoelf_grid, serial_shops, shop_statue,
          nicolae_diamond_shop, nicolae_shop_behind_doors, grunt_megastairs_5
Abyss:4:  base: D:5, serial_sigils_hangedman_snap, evilmike_abyss_exit_chaos,
          evilmike_abyss_rune_tso_outpost, evilmike_abyss_exit_10,
          evilmike_abyss_exit_10, hangedman_abyss_exit_choices,
          hangedman_abyss_river_spirits, evilmike_abyss_rune_tso_outpost,
          hangedman_abyss_exit_choices, evilmike_abyss_rune_tso_outpost

Skill      XL: |  1  2  3  4  5  6  7  8  9 10 11 12 13 14 15 16 17 18 |
---------------+-------------------------------------------------------+-----
Axes           | 2 3 4 5 6 7 8 9 11 13 14 15 16 | 16.8
Armour         | 3 4 5 6 7 8 9 10 | 10.8
Shields        | 10 11 12 13 14 15 16 | 16.8
Fighting       | 4 5 6 7 9 10 12 13 14 | 14.0
Invocations    | 1 3 4 5 6 8 9 10 11 12 13 14 | 14.7
Dodging        | |  0.5
Evocations     | |  0.8

Action                   |  1- 3 |  4- 6 |  7- 9 | 10-12 | 13-15 | 16-18 | 19-21 || total
-------------------------+-------+-------+-------+-------+-------+-------+-------++-------
Melee: War axe           |    77 |    93 |   353 |   601 |   910 |  1509 |       ||  3543
Invok: Upheaval          |       |       |       |     2 |     1 |       |       ||     3
       Elemental Force   |       |       |       |     2 |     8 |     2 |       ||    12
       Disaster Area     |       |       |       |       |     2 |     1 |     1 ||     4
Evoke: Wand              |       |       |       |     8 |       |       |       ||     8
  Use: Scroll            |     5 |     4 |    10 |     6 |     1 |     8 |     2 ||    36
       Potion            |     1 |     2 |     2 |     6 |     5 |    14 |     1 ||    31
 Stab: Invisible         |       |       |       |     5 |       |       |       ||     5
       Paralysed         |       |       |       |       |     4 |       |       ||     4
Armor: Scale mail        |    42 |    69 |    41 |       |    42 |    96 |       ||   290
       Plate armour      |       |       |    76 |   319 |    70 |       |       ||   465
       Animal skin       |       |       |       |       |    58 |       |       ||    58
       Chain mail        |       |       |       |       |       |   297 |     3 ||   300
Dodge: Dodged            |    24 |    40 |   130 |   225 |   328 |   429 |     2 ||  1178
       Repelled          |       |       |       |       |     9 |     5 |       ||    14
Block: Kite shield       |    33 |    70 |   273 |   899 |  1042 |  1866 |    26 ||  4209
       Reflection        |       |       |     8 |    25 |    43 |    36 |       ||   112
